 Dungeon Crawl Stone Soup version 0.31.0-11-ge490571c62 (webtiles) character file.

Game seed: 9880522141270721154

87 NotreDorf the Ducker (level 4, 0/34 HPs)
             Began as a Merfolk Gladiator on Jan 27, 2024.
             Was a Believer of Makhleb.
             Slain by an orc priest
             ... wielding a +0 dagger
              (1 damage)
             ... on level 3 of the Dungeon.
             The game lasted 00:07:12 (1604 turns).

NotreDorf the Ducker (Merfolk Gladiator)            Turns: 1604, Time: 00:07:13

Health: 0/34       AC:  4    Str: 16    XL:     4   Next: 51%
Magic:  4/4        EV: 13    Int:  7    God:    Makhleb [**....]
Gold:   146        SH:  0    Dex: 15    Spells: 4/4 levels left

rFire   . . .        a - +0 trident
rCold   . . .        (no shield)
rNeg    . . .        b - +0 leather armour
rPois   .            c - +0 helmet
rElec   .            (no cloak)
rCorr   .            (no gloves)
SInv    .            (no boots)
Will    .....        (no amulet)
Stlth   +            (no ring)
HPRegen 0.25/turn    (no ring)
MPRegen 0.09/turn

%: no passive effects
@: no status effects
A: (nimble swimmer 2), mertail
a: Renounce Religion, Minor Destruction


You were on level 3 of the Dungeon.
You worshipped Makhleb.
Makhleb was pleased with you.
You visited 1 branch of the dungeon, and saw 3 of its levels.

You collected 146 gold pieces.

Inventory:

Hand Weapons
 a - a +0 trident (weapon)
 j - a +0 halberd
Missiles
 d - 4 throwing nets (quivered)
 e - a javelin
Armour
 b - a +0 leather armour (worn)
 c - a +0 helmet (worn)
Jewellery
 o - an amulet of faith
Scrolls
 g - 2 scrolls of teleportation {unknown}
 h - 2 scrolls of enchant weapon {unknown}
 i - a scroll of amnesia {unknown}
 k - a scroll of silence {unknown}
 n - 2 scrolls of identify {unknown}
Potions
 f - a potion of heal wounds
 l - a potion of invisibility


   Skills:
 + Level 2.9 Fighting
 + Level 4.7 Polearms
 - Level 2.0 Throwing
 + Level 4.7 Dodging
 + Level 1.6 Unarmed Combat
 - Level 0.5 Spellcasting
 + Level 1.3 Invocations


You had 4 spell levels left.
You didn't know any spells.
Your spell library was empty.

Dungeon Overview and Level Annotations

Branches:
Dungeon (3/15)

Altars:
Makhleb

Shops:
D:2 [


Innate Abilities, Weirdness & Mutations

((You are very nimble when in or above water. (Stealth+, EV+, Speed+++)))
Your lower body shifts to a powerful aquatic tail in water.


Message History

The orc priest begins to cast a cantrip, but forgets the words!
Something barely misses you.
You miss something.
The orc priest invokes the aid of Beogh against you.
Something writhes in agony!
Reactivating autopickup.
You feel a bit more experienced.
You hit the orc but do no damage. The orc hits you with a +0 dagger.
You hit the orc.
The orc is severely wounded.
The orc priest begins to cast a cantrip, but forgets the words!
The orc barely misses you.
You hit the orc.
You kill the orc!
Makhleb accepts your kill.
You completely miss the orc. The orc barely misses you.
You hit the orc.
The orc is severely wounded.
The orc hits you with a +3 dagger of holy wrath.
You hit the orc but do no damage.
The orc is severely wounded.
The orc barely misses you.
The orc priest looks braver for a moment.
The orc hits you with a +3 dagger of holy wrath.
You hit the orc.
You kill the orc!
Makhleb accepts your kill.
You feel better.
You puncture the orc priest!
The orc priest is almost dead.
The orc priest hits you but does no damage.
You closely miss the orc priest.
The orc priest is almost dead.
The orc priest invokes the aid of Beogh against you.
Beogh smites you!
* * * LOW HITPOINT WARNING * * *
You barely miss the orc priest.
The orc priest is almost dead.
The orc priest hits you with a +0 dagger.
You die...

........#...# #.
#######.###.# #. #<# #.#
#.## ###.###[# #..#
#.......### #..#
#.#........ ##..#
#####.#.###.###
#####...####...........###
........o@...###.#........
#...#...###### #.###.#####
.....#..# #.# #.# #...
##.# #.# #.# ... #.. ..#
#.# ## #.. .## #.# #.. ..
..# #... .. ### ###


You could see an orc priest.

Vanquished Creatures
  A gnoll (D:2)
  An adder (D:2)
  A dart slug (D:2)
  4 orcs
  6 bats
  4 endoplasms
  3 giant cockroaches (D:2)
  5 goblins
  A hobgoblin (D:2)
  4 jackals (D:3)
  2 kobolds
  2 quokkas
  4 ball pythons
  3 frilled lizards
  8 rats
49 creatures vanquished.

Vanquished Creatures (others)
  An orc wizard (D:3)
1 creature vanquished.

Grand Total: 50 creatures vanquished

Notes
Turn   | Place    | Note
-------+----------+-------------------------------------------
     0 | D:1      | NotreDorf the Merfolk Gladiator began the quest for the
                  | Orb.
     0 | D:1      | Reached XP level 1. HP: 16/16 MP: 1/1
   133 | D:1      | Reached XP level 2. HP: 23/23 MP: 2/2
   384 | D:1      | Found a faded altar of an unknown god.
   398 | D:1      | Prayed at the altar of an unknown god.
   398 | D:1      | Became a worshipper of Makhleb the Destroyer
   398 | D:1      | Reached * piety under Makhleb
   747 | D:1      | Reached skill level 1 in Unarmed Combat
   795 | D:2      | Reached XP level 3. HP: 6/28 MP: 3/3
  1026 | D:2      | Reached skill level 1 in Invocations
  1090 | D:2      | Found Imeaniur's Armour Emporium.
  1225 | D:2      | Reached XP level 4. HP: 31/34 MP: 4/4
  1415 | D:3      | Reached ** piety under Makhleb
  1603 | D:3      | HP: 1/34 [orc priest/divine providence (12)]
  1604 | D:3      | Slain by an orc priest

Illustrated notes

Levels and vault maps discovered:
D:1:      ldierk_walled_garden_2, layout_loops_cross,
          ebering_ecumenical_altar_sacrificial, kennysheep_boxes
D:2:      layout_rooms, serial_shops, nicolae_shop_hallway_plus, st_stairs_4,
          serial_bayou_pond_c
D:3:      layout_loops_ring

Skill      XL: |  1  2  3 |
---------------+----------+-----
Unarmed Combat | 1 |  1.6
Invocations    | 1 |  1.3
Fighting       | |  2.9
Polearms       | |  4.7
Throwing       | |  2.0
Dodging        | |  4.7
Spellcasting   | |  0.5

Action                     |  1- 3 |  4- 6 || total
---------------------------+-------+-------++-------
  Melee: Trident           |    57 |    60 ||   117
         Halberd           |    49 |     9 ||    58
  Throw: Throwing net      |     1 |       ||     1
    Use: Potion            |     2 |     1 ||     3
   Stab: Sleeping          |     1 |     1 ||     2
         Held in net/web   |     1 |       ||     1
 Armour: Leather armour    |    50 |    41 ||    91
  Dodge: Dodged            |    63 |    41 ||   104
